 Dungeon Crawl Stone Soup version 0.21.0-24-g2553a33 (webtiles) character file.

201148 troglodite the Blocker (level 17, -6/150 HPs)
             Began as a Demonspawn Berserker on Jan 18, 2018.
             Was a High Priest of Trog.
             Shot with a bolt by a naga sharpshooter (21 damage)
             ... on level 4 of the Snake Pit on Jan 22, 2018.
             The game lasted 02:36:19 (43439 turns).

troglodite the Blocker (Demonspawn Berserker)      Turns: 43439, Time: 02:36:20

Health: -6/150     AC: 25    Str: 20    XL:     17   Next: 90%
Magic:  15/15      EV: 17    Int: 15    God:    Trog [*****.]
Gold:   2366       SH: 19    Dex: 20    Spells: 16/16 levels left

rFire    + + .     SeeInvis .   a - +8 hand axe of the Peculiar Places {freeze, rF+ Int+5}
rCold    . . .     Gourm    .   d - +5 shield {AC+3}
rNeg     . . .     Faith    .   y - +4 ring mail of Snakes and Ladders {-Cast rF+ MR+ Str+2}
rPois    +         Spirit   .   U - +1 hat
rElec    .         Reflect  .   f - +2 cloak
rCorr    .         Harm     .   j - +2 pair of gloves
MR       ++...     NoCast   +   (no boots)
Stlth    ++++++++++             X - amulet of regeneration
HPRegen  0.75/turn              J - ring of Shadows {Umbra +Inv Stlth+}
MPRegen  0.14/turn              G - ring of poison resistance

@: lethally poisoned (-6 -> -6), about to teleport, wreathed by umbra,
constricted
A: horns 1, molten scales 2, agile 1, foul stench 2, low mp 1, nightstalker 3,
robust 1, rot immunity
}: 1/15 runes: decaying
a: Berserk, Trog's Hand, Brothers in Arms, Burn Spellbooks, Renounce Religion,
Evoke Invisibility


You were on level 4 of the Snake Pit.
You worshipped Trog.
Trog was extremely pleased with you.
You were near starving.

You visited 5 branches of the dungeon, and saw 31 of its levels.
You also visited: Ice Cave.

You collected 3788 gold pieces.
You spent 1422 gold pieces at shops.

Inventory:

Hand Weapons
 a - the +8 hand axe of the Peculiar Places (weapon) {freeze, rF+ Int+5}
   (You bought it in a shop on level 2 of the Orcish Mines)

   It has been specially enchanted to freeze those struck by it, causing extra
   injury to most foes and up to half again as much damage against particularly
   susceptible opponents.
   It can also slow down cold-blooded creatures.
   It affects your intelligence (+5).
   It protects you from fire.
 Z - a +7 war axe of flaming
Armour
 d - a +5 shield of protection (worn)
 f - a +2 cloak (worn)
 h - a +0 shield of reflection
 j - a +2 pair of gloves (worn)
 y - the +4 ring mail of Snakes and Ladders (worn) {-Cast rF+ MR+ Str+2}
   (You found it on level 6 of the Dungeon)

   It affects your strength (+2).
   It protects you from fire.
   It affects your resistance to hostile enchantments.
   It prevents spellcasting.
 U - a +1 hat (worn)
Jewellery
 n - the amulet "Kohegua" {Spirit +Inv rPois Int+3 Dex-2}
   (You took it off Donald on level 2 of the Swamp)

   [amulet of guardian spirit]

   It causes incoming damage to be split between your health and magic.
   It affects your intelligence (+3).
   It affects your dexterity (-2).
   It protects you from poison.
   It lets you turn invisible.
 p - an uncursed ring of see invisible
 G - a ring of poison resistance (right hand)
 J - the ring of Shadows (left hand) {Umbra +Inv Stlth+}
   (You acquired it on level 6 of the Lair of Beasts)

   [ring of stealth]

   It lets you turn invisible.
   It makes you more stealthy.
 K - an uncursed ring of ice
 M - a +3 ring of intelligence
 R - a +3 ring of protection
 X - an amulet of regeneration (around neck)
Wands
 e - a wand of disintegration (31)
 k - a wand of polymorph (42)
 o - a wand of random effects (10)
 q - a wand of enslavement (13)
 r - a wand of clouds (10)
 E - a wand of iceblast (29)
 L - a wand of acid (42)
 O - a wand of digging (35)
Scrolls
 g - 15 scrolls of remove curse
 s - 4 scrolls of magic mapping
 w - 8 scrolls of fog
 D - 4 scrolls of teleportation
 I - 2 scrolls of fear
 N - a scroll of silence
 P - 11 scrolls of identify
Potions
 b - 5 potions of berserk rage
 i - 11 potions of lignification
 l - 4 potions of agility
 m - 8 potions of flight
 t - 6 potions of mutation
 u - 7 potions of curing
 v - 5 potions of ambrosia
 x - 6 potions of heal wounds
 z - a potion of invisibility
 A - 2 potions of brilliance
 B - 2 potions of resistance
 C - 3 potions of cancellation
 F - 5 potions of might
Books
 Q - a book of Conjurations

   Spells                             Type                      Level
   a - Magic Dart                     Conjuration                  1
   b - Searing Ray                    Conjuration                  2
   c - Dazzling Spray                 Conjuration/Hexes            3
   d - Fulminant Prism                Conjuration/Hexes            4
   e - Force Lance                    Conjuration/Translocation    4
   f - Iskenderun's Mystic Blast      Conjuration                  4
   Trog disapproves of the use of such an item.
Comestibles
 c - 44 rations


   Skills:
 * Level 13.2 Fighting
   Level 5.1 Long Blades
 + Level 13.3 Axes
 * Level 11.9 Armour
 * Level 11.9 Dodging
 - Level 10.4 Stealth
 + Level 14.9 Shields


You had 16 spell levels left.
You didn't know any spells.

Dungeon Overview and Level Annotations

Branches:
Dungeon (15/15)            Temple (0/1) D:5            Lair (6/6) D:10
  Swamp (4/4) Lair:2        Snake (4/4) Lair:2        Slime (0/5) Lair:6
    Orc (2/2) D:12            Elf (0/3) Orc:2        Vaults (0/5) D:14
 Depths (0/5) D:15

Altars:
Cheibriados
Elyvilon
Fedhas
Gozag
Kikubaaqudgha
Nemelex Xobeh
Okawaru
Qazlal
Trog
Uskayaw
Vehumet
Zin
The Shining One
Beogh

Shops:
D:4 [   Orc:2 (:*   Snake:3 *


Innate Abilities, Weirdness & Mutations

You have a pair of small horns on your head.
You are mostly covered in molten scales. (AC +3)
You frequently emit foul miasma when damaged in melee.
You are completely attuned to the shadows.
You are immune to rotting.
You are agile. (Dex +2)
Your magical capacity is low. (-10% MP)
You are robust. (+10% HP)


Message History

You block the naga warrior's attack.
The naga sharpshooter gestures wildly while chanting.
The naga sharpshooter magically shoots a bolt.
The bolt hits you!
* * * LOW HITPOINT WARNING * * *
You block the naga's attack. The naga grabs you.
* * * LOW HITPOINT WARNING * * *
The naga constricts you.
You hear a shout!
You hit the naga. You freeze the naga.
The naga is heavily wounded.
You closely miss the naga. You slash the naga warrior!
You freeze the naga warrior. You hit the naga sharpshooter.
You freeze the naga sharpshooter.
You feel sick.
Your ogre hits the naga sharpshooter with a giant spiked club.
The naga barely misses you.
The naga sharpshooter casts a spell.
The naga sharpshooter magically shoots a bolt.
The bolt hits you!!
You die...

.........
.............
..............
....##N........
....O@N.........
.##NN##........#
##§§SS##.........
#.†)().##..........
#...##)..##...........
...# #...##..........
..# #.. ##......... #.
##........ ##.......


You could see a naga warrior, a naga sharpshooter, a mana viper, a guardian
serpent, 2 nagas and a friendly ogre (berserk).

Vanquished Creatures
  Vashnia (Snake:3)
  Rupert (D:14)
  Frances (Snake:1)
  3 thorn hunters
  6 nagarajas
  Donald (Swamp:2)
  A fire giant (D:15)
  Aizul (Swamp:4)
  The ghost of newuser the Severer, a journeyman HOMo of Nemelex Xobeh (Orc:2)
  An orc warlord (Orc:2)
  3 very ugly things (Swamp:4)
  Azrael (D:14)
  2 green deaths (Swamp:4)
  Erolcha (Orc:1)
  13 hydras
  2 vault guards (D:14)
  8 naga warriors
  2 centaur warriors
  2 ghost crabs
  A merfolk avatar (Lair:6)
  5 anacondas
  2 alligators
  7 two-headed ogres
  3 tengu warriors
  9 naga sharpshooters
  An orc high priest (Orc:2)
  Urug (D:14)
  4 shock serpents
  A fire crab (Lair:6)
  2 skeletal warriors (D:14)
  Sonja (D:14)
  2 salamander mystics
  2 sea snakes (Lair:6)
  3 unseen horrors
  13 swamp dragons
  A naga ritualist (Snake:2)
  2 shambling mangroves
  2 wizards (D:14)
  4 orc knights (Orc:2)
  2 harpies (Lair:6)
  3 necromancers (D:14)
  8 mana vipers
  A deep elf mage (D:14)
  7 ugly things
  3 orc sorcerers (Orc:2)
  9 salamanders
  5 manticores
  4 oklob plants
  8 cyclopes
  22 black mambas
  2 torpor snails
  2 ice statues (IceCv)
  16 elephants
  7 naga magi
  Psyche (D:8)
  3 guardian serpents
  2 gargoyles
  12 spiny frogs
  2 orange demons (Swamp:4)
  A yaktaur (D:15)
  2 rime drakes (Lair:6)
  A tengu conjurer (Swamp:4)
  A freezing wraith (D:14)
  14 ice devils (IceCv)
  10 komodo dragons
  The ghost of theElss the Conjurer, a novice DECj (D:4)
  4 polar bears (Lair:6)
  A queen bee (D:9)
  6 tyrant leeches
  6 trolls
  16 blink frogs
  6 bog bodies
  14 hornets
  11 slime creatures
  12 hippogriffs
  A vampire (D:10)
  3 spriggans
  5 shadows
  41 yaks
  5 wyverns
  17 humans (D:14)
  A fire elemental (D:14)
  2 basilisks
  A steam dragon (D:10)
  37 vampire mosquitoes
  9 swamp worms
  4 hungry ghosts
  Edmund (D:5)
  31 nagas
  4 wargs
  An acid dragon (D:14)
  6 insubstantial wisps (Swamp:3)
  19 water moccasins
  3 hell hounds (D:14)
  8 porcupines
  32 orc warriors
  2 hornet zombies
  3 ice beasts
  5 sky beasts
  8 swamp drakes
  A black bear (D:11)
  3 phantoms
  15 ogres
  4 boggarts (D:14)
  18 wolves
  9 centaurs
  12 crocodiles
  16 bullfrogs
  A wyvern zombie (D:7)
  2 scorpions
  4 troll zombies (D:12)
  18 killer bees
  19 wights
  4 electric eels
  4 crimson imps
  A bullfrog skeleton (D:13)
  6 centaur zombies
  3 bullfrog zombies
  6 hounds
  2 jellies
  11 orc priests
  26 orc wizards
  3 centaur skeletons
  6 iguanas
  Natasha (twice) (D:2)
  10 worker ants
  A statue (D:8)
  2 ogre zombies (D:12)
  2 hound zombies
  Robin (D:4)
  20 adders
  2 shadow imps
  4 white imps (IceCv)
  7 ufetubi (IceCv)
  An ooze (D:1)
  3 worms
  7 leopard geckos
  71 orcs
  3 ball pythons
  8 bats
  4 giant cockroaches
  12 goblins
  13 hobgoblins
  13 jackals
  A quokka (D:7)
  3 frilled lizards
  A goblin skeleton (D:12)
  A goblin zombie (D:12)
  2 hobgoblin skeletons (D:12)
  A hobgoblin zombie (D:12)
  6 kobolds
  A leopard gecko zombie (D:5)
  2 orc skeletons (D:12)
  12 orc zombies (D:12)
  A quokka skeleton (D:4)
  6 rats
  2 butterflies (Lair:2)
  8 fungi
  6 plants
1024 creatures vanquished.

Vanquished Creatures (collateral kills)
  the Lernaean hydra (Swamp:4)
  2 hydras
  2 catoblepae
  A two-headed ogre (D:8)
  A naga sharpshooter (Snake:4)
  A skeletal warrior (D:14)
  3 ugly things (D:15)
  An oklob plant (Lair:6)
  A spiny frog (Lair:3)
  A hornet (Lair:6)
  A blink frog (Lair:3)
  A hippogriff (Lair:6)
  A shadow (D:15)
  A yak (Lair:2)
  2 water moccasins (Lair:2)
  A boggart (D:14)
  A crocodile (Lair:3)
  2 bullfrogs
  11 killer bees (D:9)
  A worker ant (D:8)
  A shadow imp (D:14)
37 creatures vanquished.

Vanquished Creatures (others)
  A blizzard demon (IceCv)
  A spriggan druid (Swamp:2)
  A hornet (Swamp:2)
  2 spriggans (Swamp:2)
  2 swamp worms (Swamp:2)
  2 white imps (IceCv)
  4 ufetubi (IceCv)
  A quokka zombie (D:9)
  A bush (Lair:6)
  33 fungi
  42 plants
90 creatures vanquished.

Grand Total: 1151 creatures vanquished

Notes
Turn   | Place    | Note
-------+----------+-------------------------------------------
     0 | D:1      | troglodite the Demonspawn Berserker began the quest for the Orb.
     0 | D:1      | Reached XP level 1. HP: 18/18 MP: 1/1
   118 | D:1      | Gained mutation: You are immune to rotting. [demonic ancestry]
   118 | D:1      | Reached XP level 2. HP: 13/24 MP: 2/2
  1057 | D:2      | Gained mutation: You have a pair of small horns on your head. [demonic ancestry]
  1057 | D:2      | Reached XP level 3. HP: 19/29 MP: 0/3
  1441 | D:2      | Noticed Natasha
  1453 | D:2      | Killed Natasha
  1837 | D:2      | Reached XP level 4. HP: 31/37 MP: 4/4
  2138 | D:2      | Noticed Natasha
  2145 | D:2      | Reached ** piety under Trog
  2146 | D:2      | Killed Natasha
  2443 | D:3      | Reached skill level 1 in Shields
  2443 | D:3      | Gained mutation: You are partially covered in molten scales. (AC +2) [demonic ancestry]
  2443 | D:3      | Reached XP level 5. HP: 36/42 MP: 3/5
  2447 | D:3      | Found an iron altar of Okawaru.
  2741 | D:3      | Found a hide-covered altar of Uskayaw.
  3219 | D:3      | Found a snail-covered altar of Cheibriados.
  3219 | D:3      | Found an opulent altar of Gozag.
  3389 | D:3      | Noticed a sky beast
  3410 | D:3      | Killed a sky beast
  3410 | D:3      | Gained mutation: You are mostly covered in molten scales. (AC +3) [demonic ancestry]
  3410 | D:3      | Reached XP level 6. HP: 34/48 MP: 3/6
  3522 | D:4      | Reached skill level 1 in Axes
  3756 | D:4      | Noticed theElss's ghost (novice DECj)
  3766 | D:4      | Killed theElss's ghost
  3766 | D:4      | Reached skill level 2 in Shields
  3766 | D:4      | Gained mutation: You are slightly more attuned to the shadows. [demonic ancestry]
  3766 | D:4      | Reached XP level 7. HP: 44/55 MP: 3/7
  4098 | D:4      | Found Atephaci's Armour Shop.
  4305 | D:4      | Noticed Robin
  4321 | D:4      | Killed Robin
  4324 | D:4      | Reached *** piety under Trog
  4440 | D:4      | Reached skill level 1 in Stealth
  4720 | D:5      | Entered Level 5 of the Dungeon
  4875 | D:5      | Reached skill level 5 in Fighting
  4931 | D:5      | Gained mutation: You are significantly more attuned to the shadows. [demonic ancestry]
  4931 | D:5      | Reached XP level 8. HP: 59/62 MP: 6/8
  4938 | D:5      | Found a staircase to the Ecumenical Temple.
  5256 | D:5      | Noticed Edmund
  5262 | D:5      | Killed Edmund
  5300 | D:5      | Found a white marble altar of Elyvilon.
  5599 | D:6      | Reached skill level 5 in Armour
  5599 | D:6      | Reached skill level 3 in Shields
  5774 | D:6      | Found a glowing silver altar of Zin.
  5816 | D:6      | Got a twisted ring mail
  5827 | D:6      | Identified the +4 ring mail of Snakes and Ladders {-Cast rF+ MR+ Str+2} (You found it on level 6 of the Dungeon)
  6332 | D:6      | Noticed a hippogriff
  6337 | D:6      | Killed a hippogriff
  6343 | D:6      | Gained mutation: You may emit foul miasma when damaged in melee. [demonic ancestry]
  6343 | D:6      | Reached XP level 9. HP: 61/68 MP: 7/9
  6364 | D:6      | Reached **** piety under Trog
  6845 | D:7      | Gained mutation: Your magical capacity is low. (-10% MP) [potion of mutation]
  6845 | D:7      | Gained mutation: You are agile. (Dex +2) [potion of mutation]
  6845 | D:7      | Gained mutation: You are robust. (+10% HP) [potion of mutation]
  7147 | D:7      | Found a glowing golden altar of the Shining One.
  7147 | D:7      | Found a sparkling altar of Nemelex Xobeh.
  7164 | D:7      | Reached skill level 4 in Shields
  7540 | D:7      | Identified the Incunabulum of Envenoming and Evil Rituals
  7798 | D:8      | Noticed Psyche
  7805 | D:8      | Reached skill level 5 in Axes
  7813 | D:8      | Killed Psyche
  7824 | D:8      | Noticed a two-headed ogre
  7829 | D:8      | Killed a two-headed ogre
  8013 | D:8      | Reached skill level 5 in Dodging
  8013 | D:8      | Reached XP level 10. HP: 80/84 MP: 9/9
  8125 | D:8      | Found a radiant altar of Vehumet.
  8539 | D:9      | Reached skill level 5 in Shields
  8636 | D:9      | Reached ***** piety under Trog
  9247 | D:9      | Found a bloodstained altar of Trog.
  9282 | D:9      | Noticed a two-headed ogre
  9302 | D:9      | Killed a two-headed ogre
  9302 | D:9      | Reached skill level 5 in Stealth
  9652 | D:9      | Reached skill level 6 in Shields
  9661 | D:9      | Found a stormy altar of Qazlal.
  9885 | D:10     | Entered Level 10 of the Dungeon
  9891 | D:10     | Received a gift from Trog
 10191 | D:10     | Found a staircase to the Lair.
 10197 | D:10     | Reached XP level 11. HP: 92/92 MP: 9/9
 10554 | D:10     | Noticed a two-headed ogre
 10563 | D:10     | Killed a two-headed ogre
 11237 | D:11     | Noticed a two-headed ogre
 11246 | D:11     | Killed a two-headed ogre
 11648 | D:11     | Noticed a two-headed ogre
 11654 | D:11     | Killed a two-headed ogre
 11654 | D:11     | Reached skill level 7 in Shields
 11922 | D:11     | Killed an unseen horror
 12998 | D:12     | Killed an unseen horror
 13226 | D:12     | Reached XP level 12. HP: 101/101 MP: 10/10
 13498 | D:12     | Found a staircase to the Orcish Mines.
 13630 | D:12     | Noticed a two-headed ogre
 13647 | D:12     | Killed a two-headed ogre
 13647 | D:12     | Reached skill level 8 in Shields
 13903 | D:12     | Reached ****** piety under Trog
 13903 | D:12     | Received a gift from Trog
 14133 | D:12     | Got a bloodstained ring mail
 14137 | D:12     | Paralysed by a hornet for 3 turns
 14158 | D:12     | Identified the +4 ring mail of Holouq {MR+} (You found it on level 12 of the Dungeon)
 14207 | D:12     | Got a pitted long sword
 14208 | D:12     | Identified the cursed +2 long sword of Eternal Night {antimagic, +Inv rElec MR+ Int-3} (You found it on level 12 of the Dungeon)
 14687 | Orc:1    | Entered Level 1 of the Orcish Mines
 14703 | Orc:1    | Noticed Erolcha
 14717 | Orc:1    | Killed Erolcha
 14757 | Orc:1    | Found a roughly hewn altar of Beogh.
 14881 | Orc:2    | Entered Level 2 of the Orcish Mines
 15243 | Orc:1    | Upgraded the game from 0.21.0-22-g11d5b52 to 0.21.0-24-g2553a33
 15356 | Orc:2    | Found a staircase to the Elven Halls.
 15368 | Orc:2    | Noticed an orc warlord
 15382 | Orc:2    | Killed an orc warlord
 15403 | Orc:2    | Found Ettad's Antique Armour Boutique.
 15503 | Orc:2    | Noticed an orc high priest
 15514 | Orc:2    | Killed an orc high priest
 15537 | Orc:2    | Paralysed by fainting for 9 turns
 15550 | Orc:2    | Paralysed by fainting for 9 turns
 15804 | Orc:2    | Found Merphi Hyall's Book Boutique.
 15858 | Orc:2    | Found Wonubic's General Store.
 15873 | Orc:2    | Received a gift from Trog
 15884 | Orc:2    | Gained mutation: You frequently emit foul miasma when damaged in melee. [demonic ancestry]
 15884 | Orc:2    | Reached XP level 13. HP: 78/111 MP: 8/11
 15895 | Orc:2    | Noticed newuser's ghost (journeyman HOMo)
 15914 | Orc:2    | Killed newuser's ghost
 15914 | Orc:2    | Reached skill level 9 in Shields
 16559 | Orc:2    | Found Nukause's Antique Weapon Shoppe.
 16737 | Orc:2    | Bought an ichor-stained hand axe for 264 gold pieces
 16737 | Orc:2    | Bought a twisted scimitar for 297 gold pieces
 16737 | Orc:2    | Bought a slimy rapier for 297 gold pieces
 16737 | Orc:2    | Identified the +3 scimitar "Jeraf" {slice, rPois Str+4} (You bought it in a shop on level 2 of the Orcish Mines)
 16738 | Orc:2    | Identified the cursed +0 rapier of Disintegration {venom, rPois MR- SInv Stlth+} (You bought it in a shop on level 2 of the Orcish Mines)
 16740 | Orc:2    | Identified the +8 hand axe of the Peculiar Places {freeze, rF+ Int+5} (You bought it in a shop on level 2 of the Orcish Mines)
 17255 | D:13     | Found a blossoming altar of Fedhas.
 17750 | D:13     | You fall through a shaft for 2 floors!
 17750 | D:15     | Entered Level 15 of the Dungeon
 17933 | D:15     | Found a staircase to the Depths.
 17939 | D:15     | Noticed a fire giant
 17952 | D:15     | Killed a fire giant
 18019 | D:14     | Reached skill level 10 in Axes
 19026 | Lair:1   | Entered Level 1 of the Lair of Beasts
 19041 | Lair:1   | Received a gift from Trog
 19623 | Lair:1   | Found an ancient bone altar of Kikubaaqudgha.
 20290 | Lair:2   | Found a staircase to the Swamp.
 20457 | Lair:2   | Reached skill level 10 in Shields
 20490 | Lair:2   | Found a staircase to the Snake Pit.
 20508 | Lair:2   | Reached XP level 14. HP: 119/119 MP: 12/12
 21497 | Lair:3   | Reached skill level 10 in Fighting
 22535 | Lair:4   | Received a gift from Trog
 23923 | Lair:5   | Reached skill level 10 in Stealth
 24257 | Lair:5   | Got an encrusted whip
 24258 | Lair:5   | Identified the +5 whip "Muradag" {freeze, Dex+2 SInv} (You found it on level 5 of the Lair of Beasts)
 24578 | Lair:6   | Entered Level 6 of the Lair of Beasts
 24935 | Lair:6   | Reached skill level 11 in Shields
 25119 | Lair:6   | Found a staircase to the Slime Pits.
 25497 | Lair:6   | Reached skill level 10 in Armour
 26282 | Lair:6   | Reached XP level 15. HP: 106/128 MP: 9/13
 27389 | Lair:6   | Received a gift from Trog
 27662 | Lair:6   | Identified a scroll of acquirement
 27664 | Lair:6   | Found the ring of Shadows {Umbra +Inv Stlth+}
 28250 | D:14     | Found a gate to the Vaults.
 28961 | D:14     | Noticed Rupert
 28970 | D:14     | Reached skill level 10 in Dodging
 28983 | D:14     | Reached skill level 12 in Shields
 28984 | D:14     | Killed Rupert
 28995 | D:14     | Noticed Urug
 29009 | D:14     | Killed Urug
 29152 | D:14     | Noticed Azrael
 29173 | D:14     | Killed Azrael
 29173 | D:14     | Received a gift from Trog
 29370 | D:14     | Noticed Sonja
 29372 | D:14     | Found a glowing golden altar of the Shining One.
 29468 | D:14     | Killed Sonja
 30048 | Swamp:1  | Entered Level 1 of the Swamp
 31070 | Swamp:2  | Found a frozen archway.
 31136 | IceCv    | Entered an ice cave
 32254 | IceCv    | Gained mutation: You are completely attuned to the shadows. [demonic ancestry]
 32254 | IceCv    | Reached XP level 16. HP: 94/138 MP: 10/14
 32416 | IceCv    | Reached skill level 5 in Long Blades
 33502 | Swamp:2  | Identified Sophisticated Spellcraft
 33621 | Swamp:2  | Received a gift from Trog
 34663 | Swamp:2  | Reached skill level 13 in Shields
 34953 | Swamp:3  | Noticed a thorn hunter
 34971 | Swamp:3  | Killed a thorn hunter
 35474 | Swamp:3  | Noticed a thorn hunter
 35489 | Swamp:3  | Killed a thorn hunter
 36187 | Swamp:4  | Entered Level 4 of the Swamp
 36241 | Swamp:4  | Noticed Aizul
 36254 | Swamp:4  | Killed Aizul
 36386 | Swamp:4  | Noticed a thorn hunter
 36397 | Swamp:4  | Killed a thorn hunter
 37077 | Swamp:4  | Received a gift from Trog
 37173 | Swamp:4  | Noticed the 27-headed Lernaean hydra
 37223 | Swamp:4  | HP: 5/139 [acid (9)]
 37506 | Swamp:4  | Got a decaying rune of Zot
 37995 | Swamp:4  | Killed the 21-headed Lernaean hydra
 38313 | Swamp:2  | Noticed Donald
 38337 | Swamp:2  | Killed Donald
 38340 | Swamp:2  | Got a scorched crystal amulet
 38343 | Swamp:2  | Identified the amulet "Kohegua" {Spirit +Inv rPois Int+3 Dex-2} (You took it off Donald on level 2 of the Swamp)
 38575 | Orc:2    | Bought a potion of heal wounds for 55 gold pieces
 38575 | Orc:2    | Bought a scroll of teleportation for 33 gold pieces
 38704 | Snake:1  | Entered Level 1 of the Snake Pit
 38792 | Snake:1  | Reached XP level 17. HP: 148/148 MP: 15/15
 38990 | Snake:1  | Reached skill level 14 in Shields
 39043 | Snake:1  | Noticed Frances
 39074 | Snake:1  | Killed Frances
 41358 | Snake:3  | Received a gift from Trog
 41377 | Snake:3  | Noticed Vashnia
 41864 | Snake:3  | Killed Vashnia
 42018 | Snake:3  | Found Diefrewo's Assorted Antiques.
 42041 | Snake:3  | Bought a scroll of teleportation for 102 gold pieces
 42041 | Snake:3  | Bought a scroll of teleportation for 102 gold pieces
 42041 | Snake:3  | Bought a scroll of teleportation for 102 gold pieces
 42041 | Snake:3  | Bought an ivory ring for 170 gold pieces
 42966 | Snake:3  | Got a twisted robe
 42967 | Snake:3  | Identified the +1 robe "Laikehol" {*Contam Str+8 Stlth+} (You found it on level 3 of the Snake Pit)
 43251 | Snake:4  | Entered Level 4 of the Snake Pit
 43439 | Snake:4  | Shot with a bolt by a naga sharpshooter

Skill      XL: |  1  2  3  4  5  6  7  8  9 10 11 12 13 14 15 16 17 |
---------------+----------------------------------------------------+-----
Long Blades    | 3 4 5 |  5.1
Armour         | 2 3 4 5 6 7 8 9 10 11 | 11.9
Dodging        | 2 3 4 5 6 7 8 9 10 11 | 11.9
Fighting       | 4 5 6 7 8 9 10 11 12 13 | 13.2
Shields        | 1 2 3 4 6 7 8 10 11 12 13 14 | 14.9
Axes           | 2 4 5 6 8 9 10 11 12 13 | 13.3
Stealth        | 1 2 4 5 7 8 9 10 | 10.4

Action                   |  1- 3 |  4- 6 |  7- 9 | 10-12 | 13-15 | 16-18 || total
-------------------------+-------+-------+-------+-------+-------+-------++-------
Melee: Falchion          |    85 |    52 |       |       |       |       ||   137
       Headbutt          |     4 |    24 |    57 |   218 |   521 |   406 ||  1230
       Hand axe          |       |    60 |   262 |   804 |  1499 |   782 ||  3407
       Scimitar          |       |       |       |       |   234 |    38 ||   272
       Whip              |       |       |       |       |     6 |       ||     6
       War axe           |       |       |       |       |       |   546 ||   546
Invok: Berserk           |     2 |     3 |     2 |     7 |    14 |     6 ||    34
       Brothers in Arms  |       |       |     1 |     2 |    10 |     6 ||    19
       Burn Spellbooks   |       |       |     1 |       |     1 |     2 ||     4
       Trog's Hand       |       |       |       |       |       |     1 ||     1
  Use: Scroll            |       |       |    13 |     5 |    25 |    16 ||    59
       Potion            |       |       |     1 |     2 |       |     2 ||     5
 Stab: Sleeping          |       |       |     9 |    33 |    40 |    43 ||   125
       Distracted        |       |       |       |     2 |     4 |     5 ||    11
       Confused          |       |       |       |       |       |     1 ||     1
  Eat: Chunk             |     5 |     8 |    12 |    30 |    42 |     8 ||   105
       Ration            |       |       |     1 |     2 |     9 |    11 ||    23
Armor: Animal skin       |     5 |       |       |       |       |       ||     5
       Ring mail         |    24 |    59 |    56 |   224 |   412 |   376 ||  1151
       Chain mail        |       |       |    76 |       |       |       ||    76
Dodge: Dodged            |    62 |    63 |    82 |   308 |   788 |   731 ||  2034
Block: Buckler           |     6 |    20 |     3 |       |    37 |     5 ||    71
       Shield            |       |       |    96 |   400 |  1274 |  1213 ||  2983
       Rpst.: Falchion   |    18 |    16 |       |       |       |       ||    34
       Scimitar          |       |       |       |       |    60 |     7 ||    67
